 Dungeon Crawl Stone Soup version 0.23-a0-584-g44dd78f (webtiles) character file.

282 hairmachine the Ruffian (level 6, -10/47 HPs)
             Began as a Draconian Transmuter on Dec 17, 2018.
             Killed by nerve-wracking pain
             ... invoked by Menkaure
              (11 damage)
             ... on level 4 of the Dungeon.
             The game lasted 00:23:51 (4557 turns).

hairmachine the Ruffian (Draconian Transmuter)      Turns: 4557, Time: 00:23:51

Health: -10/47     AC:  6    Str: 13    XL:     6   Next: 6%
Magic:  9/9        EV: 12    Int: 14    God:
Gold:   246        SH:  0    Dex: 12    Spells: 3/9 levels left

rFire    . . .     SeeInvis .   m - +0 hunting sling
rCold    . . .     Gourm    .   (no shield)
rNeg     . . .     Faith    .   (armour unavailable)
rPois    .         Spirit   .   (helmet restricted)
rElec    .         Reflect  .   (no cloak)
rCorr    .         Harm     .   (no gloves)
MR       .....                  (no boots)
Stlth    +.........             (no amulet)
HPRegen  0.15/turn              (no ring)
MPRegen  0.11/turn              (no ring)

@: hasted, very quick
A: unfitting armour, cold-blooded, AC +6
a: no special abilities


You were on level 4 of the Dungeon.
You were very hungry.

You visited 1 branch of the dungeon, and saw 4 of its levels.

You collected 246 gold pieces.

Inventory:

Hand Weapons
 m - a +0 hunting sling (weapon)
Missiles
 a - 44 arrows
 d - 50 stones (quivered)
Jewellery
 f - an uncursed amulet of regeneration {unknown}
 l - an uncursed ring of magical power
Scrolls
 b - 5 scrolls of remove curse
 g - a scroll of fog {unknown}
 h - 2 scrolls of teleportation
 o - a scroll of noise
 p - a scroll of enchant armour {unknown}
 q - a scroll of magic mapping {unknown}
Potions
 j - a potion of ambrosia
 k - a potion of brilliance {unknown}
 n - a potion of flight {unknown}
 r - a potion of heal wounds {unknown}
Comestibles
 c - 7 rations


   Skills:
 - Level 1.1 Fighting
 - Level 1.7 Dodging
 * Level 5.5 Unarmed Combat
 - Level 2.0 Spellcasting
 + Level 3.7 Transmutations
 + Level 1.9 Poison Magic


You had 3 spell levels left.
You knew the following spells:

 Your Spells              Type           Power        Failure   Level  Hunger
a - Beastly Appendage     Tmut           ##....       5%          1    ##.....
b - Sticks to Snakes      Tmut           ##......     8%          2    ###....
c - Spider Form           Tmut/Pois      #.........   22%         3    ####...

Your spell library contained the following spells:

 Spells                   Type           Power        Failure   Level  Hunger
 Ice Form                 Ice/Tmut       #.......     73%         4    #####..
 Blade Hands              Tmut           ##........   82%         5    ######.


Dungeon Overview and Level Annotations

Branches:
Dungeon (4/15)
 Temple: D:4-7

Altars:
Ru

Annotations:
D:3 Grinder
D:4 exclusion: ogre, Menkaure


Innate Abilities, Weirdness & Mutations

Your plain brown scales are hard. (AC +6)
You cannot fit into any form of body armour.
You are cold-blooded and may be slowed by cold attacks.


Message History

You are feeling very hungry.
Your ball python bites Menkaure but does no damage.
Your ball python grabs Menkaure.
Your ball python constricts Menkaure.
It was a potion of ambrosia.
You are confused.
You feel invigorated. Menkaure hits your ball python!
Your ball python dies!
You're too confused to cast spells.
You feel better.
You feel less invigorated.
Menkaure calls on the powers of darkness!
Your body is wracked with pain!
* * * LOW HITPOINT WARNING * * *
Menkaure gestures at you while chanting.
Pain shoots through your body!
* * * LOW HITPOINT WARNING * * *
Okay, then.
It was a potion of haste.
You feel yourself speed up. Menkaure casts a spell at you.
Pain shoots through your body!
You die...

.# ###.....####..... .##
#.....##.......##
..#####........# ...#
..##.........## #..# .
............##
#..####... ....#####.###
###......... .<###
#.########............
.##
##.........(...###....#
.# #........@..M..#
#..... .#
##......######.###.....
.# ##..##...# ##.##....#
.#
##..####..#####..#...#
.####...# ##....M......#
. ...##..##
#..........## .#
........## #...#......>#
...
.........###...####...##
##.... .....##....#...#
##..####...#


You could see Menkaure.

Vanquished Creatures
  A scorpion (D:4)
  An orc wizard (D:3)
  A bullfrog skeleton (D:2)
  A centaur skeleton (D:4)
  A worker ant (D:4)
  Robin (D:4)
  3 adders
  2 dart slugs
  A worm (D:2)
  3 leopard geckos
  2 orcs
  12 bats
  4 giant cockroaches
  15 goblins
  9 hobgoblins
  A quokka (D:3)
  A ball python (D:1)
  5 frilled lizards
  6 kobolds
  6 rats
76 creatures vanquished.

Notes
Turn   | Place    | Note
-------+----------+-------------------------------------------
     0 | D:1      | hairmachine the Draconian Transmuter began the quest for
                  | the Orb.
     0 | D:1      | Reached XP level 1. HP: 16/16 MP: 3/3
   347 | D:1      | Reached XP level 2. HP: 21/23 MP: 3/5
   721 | D:1      | Learned a level 2 spell: Sticks to Snakes
  1235 | D:1      | Reached XP level 3. HP: 28/28 MP: 6/6
  1432 | D:2      | Learned a level 3 spell: Spider Form
  1940 | D:2      | Found a sacrificial altar of Ru.
  1948 | D:2      | Reached skill level 4 in Unarmed Combat
  2150 | D:2      | Reached XP level 4. HP: 21/35 MP: 5/7
  2632 | D:3      | Reached skill level 1 in Poison Magic
  2710 | D:3      | Noticed Grinder
  3771 | D:4      | Reached XP level 5. HP: 33/40 MP: 6/8
  3844 | D:4      | Reached skill level 5 in Unarmed Combat
  3907 | D:4      | Noticed Robin
  3927 | D:4      | Killed Robin
  4134 | D:4      | Noticed an ogre
  4182 | D:4      | Noticed Menkaure
  4431 | D:4      | Reached XP level 6. HP: 36/47 MP: 9/9
  4528 | D:4      | HP: 2/47 [Menkaure (23)]
  4556 | D:4      | HP: 1/47 [Menkaure/nerve-wracking pain (12)]
  4557 | D:4      | Killed from afar by Menkaure

Vault maps used:
D:1:      tarquinn_simple_flora_water_a
D:2:      first_ration, nicolae_ru_great_annihilating_truth
D:3:      minmay_randomly_rotated_circles, uniq_grinder
D:4:      tgw_fedhas, minmay_temple_entry_glass, uniq_menkaure, uniq_robin

Skill      XL: |  1  2  3  4  5 |
---------------+----------------+-----
Unarmed Combat | 4 5 |  5.5
Poison Magic   | 1 |  1.9
Transmutations | 3 |  3.7
Fighting       | |  1.1
Dodging        | |  1.7
Spellcasting   | |  2.0

Action                   |  1- 3 |  4- 6 || total
-------------------------+-------+-------++-------
Melee: Unarmed           |   101 |   129 ||   230
       Headbutt          |     6 |     2 ||     8
       Tailslap          |     4 |     7 ||    11
       Kick              |     9 |     5 ||    14
       Punch             |       |     1 ||     1
 Fire: Hunting sling     |       |    19 ||    19
Throw: Stone             |     5 |       ||     5
 Cast: Beastly Appendage |    23 |    16 ||    39
       Sticks to Snakes  |       |     5 ||     5
       Spider Form       |       |     3 ||     3
  Use: Scroll            |     5 |     2 ||     7
       Potion            |       |     5 ||     5
 Stab: Paralysed         |     1 |       ||     1
  Eat: Chunk             |     4 |     8 ||    12
Armor: Skin              |    29 |    41 ||    70
Dodge: Dodged            |    59 |    83 ||   142

Table legend:
 A = Non-vault XP
 B = Vault XP
 C = Vault XP percentage of total XP
 D = Non-vault monster count
 E = Vault monster count
 F = Vault count percentage of total count
                 A         B        C        D         E       F
            +---------+---------+-------+---------+---------+-------
      Total |     325 |      78 |  19.4 |      53 |      23 |  30.3
            +---------+---------+-------+---------+---------+-------
        D:1 |      44 |       0 |   0.0 |      25 |       0 |   0.0
        D:2 |      48 |      18 |  27.3 |       5 |       4 |  44.4
        D:3 |      69 |      22 |  24.2 |      15 |       6 |  28.6
        D:4 |     164 |      38 |  18.8 |       8 |      13 |  61.9
            +---------+---------+-------+---------+---------+-------
